 Dungeon Sprint DCSS version 0.18-a0-1211-g828307d (console) character file.

53 sorlin the Ruffian (level 3, 0/31 (36) HPs)
             Began as a Ghoul Berserker on Feb 3, 2016.
             Was a Believer of Trog.
             Slain by a water elemental (5 damage)
             ... in the Dungeon (Sprint III: "The Ten Rune Challenge").
             The game lasted 00:01:47 (532 turns).

sorlin the Ruffian (Ghoul Berserker)                 Turns: 532, Time: 00:01:47

HP:   0/31 (36)     AC:  2    Str: 24      XL:     3   Next: 87%
MP:   2/2           EV: 12    Int:  2 (3)  God:    Trog [**....]
Gold: 26            SH:  0    Dex:  9      Spells: 0 memorised, 2 levels left

rFire  . . .     SeeInvis .       - Unarmed
rCold  + . .     Gourm    .     a - +0 animal skin
rNeg   + + +     Faith    .     (no shield)
rPois  ∞         Spirit   .     (no helmet)
rElec  .         Dismiss  .     (no cloak)
rCorr  .         Reflect  .     (no gloves)
SustAt .         Harm     .     (no boots)
MR     ++...     NoTele   +     (no amulet)
Stlth  +.........               (no ring)
                                (no ring)

@: mighty, regenerating, rotting, very resistant to hostile enchantments, very
unstealthy
A: rotting body, claws 1, carnivore 3, cold resistance 1, negative energy
resistance 3, slow regeneration 1, torment resistance, unbreathing
a: Trog's Hand, Burn Spellbooks, Renounce Religion


You were in the Dungeon.
You worshipped Trog.
Trog was pleased with you.
You were not hungry.

You visited 1 branch You collected 26 gold pieces.

Inventory:

Armour
 a - a +0 animal skin (worn)
Scrolls
 h - 2 scrolls of blinking
 l - a scroll of immolation {unknown}
 m - 4 scrolls of remove curse
 q - a scroll of holy word {unknown}
 r - a scroll of magic mapping {unknown}
Potions
 c - a potion of curing
 d - a potion of heal wounds
 e - a potion of haste
 f - 2 potions of magic
 g - a potion of berserk rage
 k - a potion of mutation
 o - 2 potions of cure mutation {unknown}
 p - a potion of flight {unknown}
 s - a potion of agility {unknown}
Comestibles
 b - 2 meat rations
 j - 3 chunks of flesh
 n - 2 royal jellies


   Skills:
 + Level 5.5 Fighting
 - Level 1.7 Armour
 - Level 1.7 Dodging
 * Level 7.3 Unarmed Combat


You had 2 spell levels left.
You didn't know any spells.

Dungeon Overview and Level Annotations

Branches:
Dungeon (1/1)

Altars:


Innate Abilities, Weirdness & Mutations

Your body is rotting away.
You thrive on raw meat.
You are immune to poison.
You have sharp fingernails.
You are carnivorous and can eat meat at any time.
Your flesh is cold resistant.
You are immune to negative energy.
You regenerate slowly when monsters are visible.
You are immune to unholy pain and torment.
You can survive without breathing.


Message History

The water engulfing you falls away. The water elemental misses you.
Your skin crawls.
You feel resistant to hostile enchantments.
You feel slightly more hungry. The water elemental barely misses you.
You feel the effects of Trog's Hand fading.
Drink which item? (? for menu, Esc to quit)
It was a potion of mutation.
You feel extremely strange.
Your body decomposes!
You feel dopey.
Your body decomposes! x2
Drink which item? (? for menu, Esc to quit)
It was a potion of might.
You feel very mighty all of a sudden. The water elemental hits you!!
Ouch! That really hurt!
* * * LOW HITPOINT WARNING * * *
You completely miss the water elemental.
The water elemental is moderately damaged.
The water elemental hits you.
You die...

▓▓▓▓▓▓▓▓▓ ▓▓▓
▓<..#...#### ##.#
▓...#......#####..#
▓..##....)..#..#..#
▓##.##.##...#..#..##
##@##.###..##'#..#.
▓#E####.##..###...'.
▓.###..##..####...#
▓#.E...##..###....#
###..##...##.....#
##..##....#......#
#..###..##.#.....#
#..# #.. ####....#
▓▓▓▓ ▓▓▓ ▓▓▓▓▓▓


You could see a water elemental.

Vanquished Creatures
  Jessica (D)
  A human (D)
  An ooze (D)
  A phantom (D)
  A rat (D)
5 creatures vanquished.

Vanquished Creatures (others)
  2 draconian scorchers (D)
  A hydra (D)
  A yaktaur (D)
  A fire drake (D)
  4 plants (D)
9 creatures vanquished.

Grand Total: 14 creatures vanquished

Notes
Turn   | Place    | Note
--------------------------------------------------------------
     0 | D        | sorlin the Ghoul Berserker began the quest for the Orb.
     0 | D        | Reached XP level 1. HP: 19/19 MP: 0/0
    19 | D        | Reached ** piety under Trog
    19 | D        | Reached skill level 4 in Unarmed Combat
    93 | D        | Killed a fire drake
   105 | D        | Killed a yaktaur
   269 | D        | Noticed Jessica
   275 | D        | Killed a white draconian scorcher
   276 | D        | Killed Jessica
   276 | D        | Reached skill level 5 in Fighting
   276 | D        | Reached skill level 6 in Unarmed Combat
   276 | D        | Reached XP level 2. HP: 10/29 MP: 1/1
   276 | D        | Reached XP level 3. HP: 12/36 MP: 2/2
   285 | D        | Killed an eight-headed hydra
   362 | D        | Killed a white draconian scorcher
   461 | D        | Reached skill level 7 in Unarmed Combat
   495 | D        | Noticed a water elemental
   532 | D        | Slain by a water elemental

Vault maps used:
D:        dungeon_sprint_mu

Action                   || total
-------------------------++-------
Melee: Unarmed           ||    28
Invok: Trog's Hand       ||     4
  Use: Potion            ||     2
